 Dungeon Crawl Stone Soup version 0.31-a0-202-g547052bce9 (webtiles) character file.

Game seed: 10563598175788615266

613 qw the Skirmisher (level 7, -1/40 HPs)
             Began as a Deep Elf Hunter on June 26, 2023.
             Slain by a gnoll
             ... wielding a +0 spear
              (2 damage)
             ... on level 5 of the Dungeon.
             The game lasted 00:01:18 (3344 turns).

qw the Skirmisher (Deep Elf Hunter)                 Turns: 3344, Time: 00:01:19

Health: -1/40      AC: 10    Str: 10    XL:     7   Next: 20%
Magic:  9/9        EV:  9    Int: 14    God:
Gold:   240        SH:  5    Dex: 18    Spells: 6/6 levels left

rFire   + + .        Y - +0 shortbow
rCold   + . .        (shield currently unavailable)
rNeg    . . .        r - +0 fire dragon scales of the Tick {rF++ rC- Will+ Stlth+}
rPois   .            j - +1 helmet
rElec   .            g - scarf {rC+ rF+}
rCorr   .            (no gloves)
SInv    +            (no boots)
Will    +....        l - amulet of reflection
Stlth   +            f - ring of see invisible
HPRegen 0.26/turn    a - ring of ice
MPRegen 0.11/turn

%: reflection
@: no status effects
A: no striking features
a: no special abilities


You were on level 5 of the Dungeon.
You visited 1 branch of the dungeon, and saw 5 of its levels.

You collected 240 gold pieces.


   Skills:
 - Level 2.0 Fighting
 + Level 10.2 Ranged Weapons
 - Level 1.0 Armour
 - Level 4.8 Dodging
 - Level 1.2 Stealth


You had 6 spell levels left.
You didn't know any spells.
Your spell library was empty.

Inventory:

Hand Weapons
 Y - a +0 shortbow (weapon)
Armour
 g - a scarf of resistance (worn)
 j - a +1 helmet (worn)
 r - the +0 fire dragon scales of the Tick (worn) {rF++ rC- Will+ Stlth+}
   (You found it on level 4 of the Dungeon)

   rF:        It greatly protects you from fire.
   rC:        It makes you vulnerable to cold.
   Will:      It increases your willpower.
   Stlth:     It makes you more stealthy.
Jewellery
 a - a ring of ice (right hand)
 f - a ring of see invisible (left hand)
 l - an amulet of reflection (around neck)
 s - a ring of see invisible
Scrolls
 b - 2 scrolls of identify
Potions
 d - a potion of curing
 i - a potion of resistance

Dungeon Overview and Level Annotations

Branches:
Dungeon (5/15)
 Temple: D:4-7

Altars:
Dithmenos
Makhleb
Sif Muna
Xom
Yredelemnul


Message History

A gnoll comes into view. It is wielding a +0 halberd.
The gnoll hits you with a +0 spear. The scorpion barely misses you.
You shoot an arrow. The arrow hits the scorpion.
The scorpion is heavily wounded.
The scorpion stings you. The orc closely misses you.
An orc comes into view. It is wielding a +0 whip.
You block the orc's attack. You block the gnoll's attack.
The scorpion misses you. The gnoll barely misses you.
The orc hits you but does no damage. The orc closely misses you.
You shoot an arrow. The arrow barely misses the scorpion.
The arrow hits the dart slug but does no damage.
The dart slug is almost dead.
The scorpion closely misses you.
A gnoll comes into view. It is wielding a +0 halberd.
The orc hits you with a +0 hand axe. The gnoll hits you but does no damage.
The orc closely misses you.
You shoot an arrow. The arrow barely misses the scorpion.
The arrow completely misses the dart slug.
The arrow hits the dart slug.
The dart slug is moderately wounded.
The scorpion stings you. The orc hits you with a +0 hand axe.
An iguana comes into view.
You block the gnoll's attack. You block the orc's attack.
The scorpion barely misses you.
You shoot an arrow. The arrow closely misses the scorpion.
The arrow hits the dart slug.
You kill the dart slug!
The orc hits you with a +0 hand axe. The gnoll barely misses you.
The orc closely misses you. The scorpion barely misses you.
You shoot an arrow.
The arrow hits the scorpion but does no damage.
The scorpion is moderately wounded.
The scorpion stings you but does no damage.
The gnoll barely misses you. The orc hits you with a +0 hand axe.
The orc misses you. You block the gnoll's attack.
The scorpion completely misses you.
A gnoll comes into view. It is wielding a +0 flail.
The orc barely misses you. The orc hits you but does no damage.
The gnoll hits you with a +0 spear.
You die...

#......!..w
#.g.######.
#####.####
#...l....#
#.##g.##.#
#.##w(##.#
#goorg##.#
#..#so##.#
#.o#@o##.#
#Shg<....#
##s#######
#o# #.#


go. You could see 2 scorpions, an iguana, a hound, 4 gnolls, an adder, a dart
slug, 4 orcs and a quokka.

Vanquished Creatures
  Sigmund (D:3)
  An ogre (D:4)
  A howler monkey (D:4)
  A jelly (D:4)
  3 orc priests
  A hound (D:4)
  Natasha (D:2)
  A gnoll (D:5)
  7 adders
  A white imp (D:4)
  5 dart slugs
  4 orcs (D:3)
  6 ball pythons
  12 endoplasms
  A giant cockroach (D:4)
  3 goblins
  3 hobgoblins
  7 kobolds
  9 quokkas
  3 bats
  A frilled lizard (D:1)
  4 rats
76 creatures vanquished.

Notes
Turn   | Place    | Note
-------+----------+-------------------------------------------
     0 | D:1      | qw the Deep Elf Hunter began the quest for the Orb.
     0 | D:1      | Reached XP level 1. HP: 12/12 MP: 3/3
     0 | D:1      | 0 ||| qw: Version: 0.3-a-22-g0ed2b0b
     0 | D:1      | 0 ||| qw: Game counter: 6302
     0 | D:1      | 0 ||| qw: Melee chars always use a shield: true
     0 | D:1      | 0 ||| qw: God list: Okawaru
     0 | D:1      | 0 ||| qw: Allow faded altars: false
     0 | D:1      | 0 ||| qw: Do Orc after clearing Dungeon:15 true
     0 | D:1      | 0 ||| qw: Do second Lair branch before Depths: true
     0 | D:1      | 0 ||| qw: Lair rune preference: random
     0 | D:1      | 0 ||| qw: Goals: Normal
     0 | D:1      | 0 ||| PLANNING D:1-11
   254 | D:1      | Reached skill level 6 in Ranged Weapons
   254 | D:1      | Reached XP level 2. HP: 16/16 MP: 4/4
   655 | D:1      | 655 ||| UPGRADING to scarf of resistance.
   660 | D:1      | 660 ||| READING scroll labelled HIMIK SOXTOMO.
   665 | D:1      | 665 ||| READING scroll labelled AHAISU LOPN.
   666 | D:1      | 666 ||| READING scroll labelled ZOAPLOKKUSH.
   667 | D:1      | 667 ||| DRINKING 2 blue potions.
   668 | D:1      | 668 ||| DROPPING scroll of butterflies.
   670 | D:1      | 670 ||| Stepping ~*~*~tactically~*~*~ (cloud).
   671 | D:1      | 671 ||| DRINKING potion of curing.
   671 | D:1      | 671 ||| (to cure poison)
  1022 | D:2      | Reached XP level 3. HP: 20/20 MP: 5/5
  1030 | D:2      | Noticed Natasha
  1032 | D:2      | 1032 ||| FLEEEEING.
  1033 | D:2      | 1033 ||| FLEEEEING.
  1034 | D:2      | 1034 ||| FLEEEEING.
  1035 | D:2      | 1035 ||| FLEEEEING.
  1036 | D:2      | 1036 ||| FLEEEEING.
  1037 | D:2      | 1037 ||| FLEEEEING.
  1041 | D:2      | 1041 ||| FLEEEEING.
  1047 | D:2      | 1047 ||| FLEEEEING.
  1048 | D:2      | 1048 ||| FLEEEEING.
  1053 | D:2      | Killed Natasha
  1054 | D:2      | Reached skill level 7 in Ranged Weapons
  1157 | D:2      | 1157 ||| FLEEEEING.
  1158 | D:2      | 1158 ||| STAIRDANCE
  1174 | D:1      | 1174 ||| READING 3 scrolls of identify.
  1174 | D:1      | 1174 ||| IDENTIFYING bubbling clear potion
  1180 | D:2      | Reached XP level 4. HP: 25/25 MP: 6/6
  1458 | D:3      | 1458 ||| PLANNING SEWER
  1552 | D:3      | Noticed Sigmund
  1558 | D:3      | Killed Sigmund
  1559 | D:3      | Reached skill level 9 in Ranged Weapons
  1559 | D:3      | Reached XP level 5. HP: 20/29 MP: 7/7
  1646 | D:3      | Noticed a great orb of eyes
  1650 | D:3      | Noticed a floating eye
  1652 | D:3      | Found a faded altar of an unknown god.
  1654 | D:3      | Noticed an eye of devastation
  1654 | D:3      | Noticed a floating eye
  1966 | D:3      | Reached skill level 3 in Dodging
  1966 | D:3      | Reached XP level 6. HP: 34/34 MP: 8/8
  1994 | D:3      | HP: 8/35 [poisoned by a kobold]
  1996 | D:3      | HP: 3/35 [poisoned by a kobold]
  2121 | D:3      | 2121 ||| RIP SEWER
  2130 | D:3      | 2130 ||| PLANNING D:1-11
  2418 | D:3      | 2418 ||| UPGRADING to ring of see invisible.
  2419 | D:3      | 2419 ||| READING scroll labelled USIQAY KALER.
  2420 | D:3      | 2420 ||| READING scroll labelled VUETAE XETUCOF.
  2421 | D:3      | 2421 ||| READING scroll labelled CADWOCO TETE.
  2484 | D:3      | 2484 ||| READING scroll labelled EHIPUS HORIPI.
  2774 | D:4      | Reached skill level 10 in Ranged Weapons
  2963 | D:4      | Found a shimmering blue altar of Sif Muna.
  2971 | D:4      | Found a shimmering altar of Xom.
  2974 | D:4      | Found a basalt altar of Yredelemnul.
  2974 | D:4      | Found a shadowy altar of Dithmenos.
  2980 | D:4      | Found a burning altar of Makhleb.
  3009 | D:4      | Reached XP level 7. HP: 23/40 MP: 9/9
  3077 | D:4      | Identified the +0 fire dragon scales of the Tick {rF++ rC-
                  | Will+ Stlth+}
  3223 | D:4      | 3223 ||| DROPPING scarf of invisibility.
  3224 | D:4      | 3224 ||| UPGRADING to +0 helmet.
  3229 | D:4      | 3229 ||| UPGRADING to +0 fire dragon scales of the Tick
                  | {rF++ rC- Will+ Stlth+}.
  3239 | D:4      | 3239 ||| DROPPING +0 leather armour.
  3240 | D:4      | 3240 ||| READING scroll of enchant armour.
  3240 | D:4      | 3240 ||| ENCHANTING +0 helmet.
  3241 | D:4      | 3241 ||| UPGRADING to amulet of reflection.
  3246 | D:4      | 3246 ||| UPGRADING to ring of ice.
  3247 | D:4      | 3247 ||| READING scroll labelled KITEMOSKEY.
  3248 | D:4      | 3248 ||| READING 2 scrolls labelled QUVIT MIDI.
  3249 | D:4      | 3249 ||| READING scroll labelled PYITUPPYITA.
  3250 | D:4      | 3250 ||| READING 4 scrolls of identify.
  3250 | D:4      | 3250 ||| IDENTIFYING puce potion
  3251 | D:4      | 3251 ||| READING 3 scrolls of identify.
  3251 | D:4      | 3251 ||| IDENTIFYING bubbling ruby potion
  3252 | D:4      | 3252 ||| READING 2 scrolls of identify.
  3252 | D:4      | 3252 ||| IDENTIFYING golden potion
  3253 | D:4      | 3253 ||| DROPPING potion of attraction.
  3254 | D:4      | 3254 ||| DROPPING scroll of immolation.
  3255 | D:4      | 3255 ||| DROPPING potion of ambrosia.
  3291 | D:5      | Entered Level 5 of the Dungeon
  3315 | D:5      | 3315 ||| FLEEEEING.
  3331 | D:5      | Reached skill level 1 in Armour
  3331 | D:5      | 3331 ||| Stepping ~*~*~tactically~*~*~ (outnumbered).
  3335 | D:5      | HP: 4/40 [orc priest/divine providence (14)]
  3336 | D:5      | 3336 ||| DRINKING potion of heal wounds.
  3338 | D:5      | 3338 ||| Stepping ~*~*~tactically~*~*~ (outnumbered).
  3341 | D:5      | HP: 7/40 [orc/+0 hand axe (4)]
  3342 | D:5      | HP: 3/40 [orc/+0 hand axe (4)]
  3344 | D:5      | HP: 1/40 [orc/+0 hand axe (1)]
  3344 | D:5      | Slain by a gnoll

Levels and vault maps discovered:
D:1:      minmay_arrival_cross, layout_loops_cross
D:2:      layout_loops_cross, minmay_vboxes, uniq_natasha
D:3:      layout_basic, hellmonk_ecumenical_altar_watching_god,
          gup_sewer_entry_bowl, interstate_on_off, uniq_sigmund
D:4:      layout_loops_ring, nicolae_overflow_hallway_of_the_gods,
          minmay_misc_feat_roman
D:5:      layout_loops_corners, minmay_temple_entry_butterflies, st_stairs_4

Skill      XL: |  1  2  3  4  5  6  7 |
---------------+----------------------+-----
Ranged Weapons | 6 7 9 10 | 10.2
Dodging        | 3 4 |  4.8
Fighting       | 2 |  2.0
Armour         | 1 |  1.0
Stealth        | |  1.2

Action                     |  1- 3 |  4- 6 |  7- 9 || total
---------------------------+-------+-------+-------++-------
   Fire: Shortbow          |    66 |   166 |    25 ||   257
    Use: Scroll            |     4 |     4 |     7 ||    15
         Potion            |     2 |       |     1 ||     3
 Armour: Leather armour    |     3 |     8 |       ||    11
         Fire dragon scale |       |       |    18 ||    18
  Dodge: Dodged            |    12 |    29 |    32 ||    73
  Block: Other             |       |       |    17 ||    17
         Reflection        |       |       |     2 ||     2

Table legend:
 A = Non-vault XP
 B = Vault XP
 C = Vault XP percentage of total XP
 D = Non-vault monster count
 E = Vault monster count
 F = Vault count percentage of total count
                 A         B        C        D         E       F
            +---------+---------+-------+---------+---------+-------
      Total |     592 |     284 |  32.4 |      66 |      10 |  13.2
            +---------+---------+-------+---------+---------+-------
        D:1 |      23 |       0 |   0.0 |      11 |       0 |   0.0
        D:2 |      41 |      56 |  57.7 |      16 |       6 |  27.3
        D:3 |     120 |     228 |  65.5 |      16 |       4 |  20.0
        D:4 |     348 |       0 |   0.0 |      20 |       0 |   0.0
        D:5 |      60 |       0 |   0.0 |       3 |       0 |   0.0
            +---------+---------+-------+---------+---------+-------
